 Dungeon Crawl Stone Soup version 0.31.0-11-ge490571c62 (webtiles) character file.

Game seed: 13685498591507075477

37 booth the Chopper (level 3, -2/28 HPs)
             Began as a Demonspawn Gladiator on Jan 27, 2024.
             Killed from afar by an orc wizard (7 damage)
             ... with a magic dart
             ... on level 2 of the Dungeon.
             The game lasted 00:06:49 (1169 turns).

booth the Chopper (Demonspawn Gladiator)            Turns: 1169, Time: 00:06:50

Health: -2/28      AC:  5    Str: 16    XL:     3   Next: 21%
Magic:  3/3        EV: 12    Int:  8    God:
Gold:   44         SH:  0    Dex: 14    Spells: 2/2 levels left

rFire   . . .        a - +0 war axe
rCold   . . .        (no shield)
rNeg    . . .        b - +0 leather armour
rPois   .            c - +0 helmet
rElec   .            k - +0 cloak
rCorr   .            (no gloves)
SInv    .            (no boots)
Will    .....        (no amulet)
Stlth   +            (no ring)
HPRegen 0.24/turn    (no ring)
MPRegen 0.08/turn

%: no passive effects
@: lethally poisoned (-2 -> -23)
A: condensation shield
a: no special abilities


You were on level 2 of the Dungeon.
You visited 1 branch of the dungeon, and saw 2 of its levels.

You collected 64 gold pieces.
You spent 20 gold pieces at shops.

Inventory:

Hand Weapons
 a - a +0 war axe (weapon)
 m - a +0 mace
Missiles
 d - 3 throwing nets
 n - 4 poisoned darts
Armour
 b - a +0 leather armour (worn)
 c - a +0 helmet (worn)
 k - a +0 cloak (worn)
Scrolls
 j - 3 scrolls of vulnerability {unknown}
Potions
 f - a potion of cancellation
 g - a potion of degeneration {unknown}
 h - a potion of attraction {unknown}
 i - a potion of haste {unknown}
 l - a potion of ambrosia {unknown}
 o - a potion of curing {unknown}


   Skills:
 + Level 2.5 Fighting
 * Level 3.2 Axes
 + Level 2.2 Throwing
 - Level 2.8 Dodging


You had 2 spell levels left.
You didn't know any spells.
Your spell library contained the following spells:

 Spells                   Type           Power      Damage    Failure   Level
 Cigotuvi's Dreadful Rot  Necr/Alch/Air  0%         N/A       63%         2
 Dazzling Flash           Conj/Hex       0%         N/A       85%         3
 Volatile Blastmotes      Fire/Tloc      0%         2d10      85%         3
 Ignite Poison            Fire/Alch      0%         N/A       99%         4
 Freezing Cloud           Conj/Ice/Air   0%         6-21      100%        5
 Starburst                Conj/Fire      0%         6d3       100%        6
 Maxwell's Capacitive Co  Air            0%         ∞         100%        8


Dungeon Overview and Level Annotations

Branches:
Dungeon (2/15)

Altars:

Shops:
D:1 ?


Innate Abilities, Weirdness & Mutations

A meltable shield of frost defends you. (SH +0)


Message History

You kill the bat!
An orc comes into view. It is wielding a +0 flail.
Throw: javelin
Press: ? - help, Q - select action, (/) - cycle Shift-Dir - straight line, f - orc
Aim: an orc, wielding a +0 flail (57% to hit)
You throw a javelin. The javelin barely misses the orc.
You closely miss the orc. The orc hits you with a +0 flail.
You barely miss the orc. The orc closely misses you. The orc misses you.
You hit the orc.
The orc is lightly wounded.
You block the orc's attack.
You slash the orc!
You kill the orc!
An orc wizard comes into view. It is wielding a +2 dagger of venom.
You see here a +0 flail.
The orc wizard gestures wildly while chanting.
The orc wizard flickers and vanishes!
Deactivating autopickup; reactivate with Ctrl-A.
You barely miss something. Something hits you.
You are poisoned.
Something hits you.
You miss something.
You feel very sick.
You hear some strange, mumbled words.
A puff of flame appears from out of thin air!
The puff of flame hits you.
Your condensation shield dissipates!
You hit something.
You feel very sick. Something hits you but does no damage.
You are more poisoned.
Something hits you.
You are more poisoned.
You miss something.
* * * LOW HITPOINT WARNING * * *
You feel extremely sick.
You hear some strange, mumbled words.
A magic dart appears from out of thin air!
The magic dart hits you!
You die...

#. ..... > #.. #.....
..#.. #.....#
.....###.(....
........#....#
.....#.......#
...#.......#
.......{..#
..#...†@#.#
########....)# ..
#............# .#
#....#.<...### ..
#...........## # .#
#............#.# .
##............#.#
##........<......#
##..............#...#


There were no monsters in sight!

Vanquished Creatures
  3 orcs (D:2)
  5 bats
  5 endoplasms (D:1)
  A goblin (D:1)
  A hobgoblin (D:1)
  4 jackals (D:1)
  3 ball pythons (D:1)
  4 kobolds (D:1)
  4 rats (D:1)
30 creatures vanquished.

Notes
Turn   | Place    | Note
-------+----------+-------------------------------------------
     0 | D:1      | booth the Demonspawn Gladiator began the quest for the Orb.
     0 | D:1      | Reached XP level 1. HP: 16/16 MP: 1/1
    93 | D:1      | Gained mutation: A meltable shield of frost defends you.
                  | (SH +0) [demonic ancestry]
    93 | D:1      | Reached XP level 2. HP: 19/22 MP: 2/2
   320 | D:1      | Reached skill level 3 in Axes
   341 | D:1      | Found Buuty's Magic Scroll Boutique.
   349 | D:1      | Bought a scroll of identify for 20 gold pieces
  1109 | D:2      | Reached XP level 3. HP: 28/28 MP: 3/3
  1169 | D:2      | Killed from afar by an orc wizard

Illustrated notes

Levels and vault maps discovered:
D:1:      roderic_chinese_lattice_arrival, layout_loops_corners, serial_shops,
          nicolae_shop_just_a_little_nook, serial_forest,
          infiniplex_forest_clump_double, infiniplex_forest_clump_double,
          infiniplex_forest_side_room, infiniplex_forest_clump_double,
          infiniplex_forest_lined_4_way, infiniplex_forest_diagonal,
          infiniplex_forest_clump_tiny, infiniplex_forest_clump_long,
          infiniplex_forest_straight_5
D:2:      kennysheep_six_static_rooms, layout_rooms, minmay_quantized

Skill      XL: |  1  2 |
---------------+-------+-----
Throwing       | 2 |  2.2
Axes           | 3 |  3.2
Fighting       | |  2.5
Dodging        | |  2.8

Action                     || total
---------------------------++-------
  Melee: War axe           ||    70
  Throw: Javelin           ||     1
    Use: Scroll            ||     1
 Armour: Leather armour    ||    35
  Dodge: Dodged            ||    47
  Block: Other             ||    10
